[Event "2023 Perth Chess Club Championship"]
[Site "Woodvale, Perth WA AUS"]
[Date "2023.05.10"]
[Round "5"]
[White "Lakner, Jay"]
[Black "Hernandez Mendez, Iker"]
[Result "0-1"]
[ECO "A22"]
[WhiteElo "2047"]
[BlackElo "1842"]
[PlyCount "48"]
[EventDate "2023.04.12"]
[EventType "swiss"]
[EventRounds "7"]
[EventCountry "AUS"]
[TimeControl "3600+30"]

1. c4 e5 2. Nc3 Nf6 3. Nf3 e4 4. Ng5 c6 5. Ngxe4 Nxe4 6. Nxe4 d5 7. cxd5 cxd5
8. Ng3 h5 9. e3 h4 10. Ne2 Nc6 11. d4 Qf6 12. h3 Bd6 13. Nc3 Qg6 14. a3 Bf5 15.
Nxd5 O-O-O 16. Nc3 Rhe8 17. b4 Be5 18. Bb2 Nxd4 19. e4 Bxe4 20. Qg4+ Bf5 21.
Qxg6 Nc2+ 22. Ke2 Bxc3+ 23. Kf3 Nd4+ 24. Kf4 Bd2# 0-1

[Event "2023 Perth Chess Club Championship"]
[Site "Woodvale, Perth WA AUS"]
[Date "2023.05.10"]
[Round "5"]
[White "De Yaak, Peter"]
[Black "O'Shaughnessy, Dave"]
[Result "1/2-1/2"]
[ECO "B01"]
[WhiteElo "1892"]
[BlackElo "1986"]
[PlyCount "80"]
[EventDate "2023.04.12"]
[EventType "swiss"]
[EventRounds "7"]
[EventCountry "AUS"]
[TimeControl "3600+30"]

1. e4 d5 2. exd5 Qxd5 3. d4 Nf6 4. Nf3 Bg4 5. Be2 e6 6. O-O Be7 7. c4 Qd8 8.
Qb3 b6 9. h3 Bh5 10. Nc3 O-O 11. Bf4 c6 12. Rad1 Bd6 13. Bxd6 Qxd6 14. d5 exd5
15. cxd5 Nbd7 16. dxc6 Qxc6 17. Bb5 Qb7 18. Nd5 Bxf3 19. Qxf3 Nxd5 20. Bxd7
Qxd7 21. Qxd5 Qxd5 22. Rxd5 Rfd8 23. Rfd1 Rxd5 24. Rxd5 g6 25. Rd7 Kg7 26. g4
h6 27. Kg2 Kf6 28. Rb7 g5 29. Kg3 Kg6 30. h4 Kg7 31. f4 Rd8 32. hxg5 hxg5 33.
fxg5 Rd2 34. Rxa7 Rxb2 35. Rb7 Rxa2 36. Rxb6 Ra3+ 37. Kh4 Re3 38. Rb1 Kh7 39.
Rh1 Kg6 40. Rf1 Kg7 1/2-1/2

[Event "2023 Perth Chess Club Championship"]
[Site "Woodvale, Perth WA AUS"]
[Date "2023.05.10"]
[Round "5"]
[White "Clarke, Daniel"]
[Black "Plaganyi, Gyula"]
[Result "0-1"]
[ECO "B35"]
[WhiteElo "1880"]
[BlackElo "1935"]
[BlackTitle "CM"]
[PlyCount "154"]
[EventDate "2023.04.12"]
[EventType "swiss"]
[EventRounds "7"]
[EventCountry "AUS"]
[TimeControl "3600+30"]

1. e4 c5 2. Nf3 g6 3. d4 cxd4 4. Nxd4 Nc6 5. Nc3 Bg7 6. Be3 Nf6 7. Bc4 O-O 8.
Bb3 Re8 9. f3 d6 10. Qd2 Na5 11. O-O-O Nxb3+ 12. cxb3 Bd7 13. Kb1 a5 14. Bh6 a4
15. h4 Qa5 16. g4 Bh8 17. h5 e5 18. b4 Qb6 19. Nc2 Re6 20. Ne3 Qxb4 21. hxg6
fxg6 22. Ned5 Nxd5 23. exd5 Re7 24. Qg5 Rf7 25. a3 Qb6 26. Rd3 Bf6 27. Qd2 Bb5
28. Re3 Rc8 29. Re4 Qa6 30. Nxb5 Qxb5 31. Rb4 Qa6 32. Rc1 Rfc7 33. Rxc7 Rxc7
34. Be3 Qf1+ 35. Ka2 Qxf3 36. Rxa4 Bg7 37. Bb6 Rc8 38. Ba5 Rc5 39. Bc3 Qxd5+
40. Qxd5+ Rxd5 41. Ra8+ Bf8 42. Rb8 Rb5 43. a4 Rb6 44. Bd2 Kf7 45. Be3 Rb4 46.
Ka3 Rxg4 47. Rxb7+ Ke6 48. Bb6 d5+ 49. Kb3 Rb4+ 50. Kc3 Rxa4 51. Rxh7 Rc4+ 52.
Kd3 e4+ 53. Ke3 Bc5+ 54. Bxc5 Rxc5 55. Rg7 Kf6 56. Rb7 Kf5 57. Kd4 Rc1 58. Kxd5
Rd1+ 59. Kc4 e3 60. Re7 Kf4 61. b4 g5 62. b5 g4 63. b6 g3 64. Rf7+ Ke4 65. b7
Rb1 66. Re7+ Kf3 67. Rf7+ Ke2 68. Rg7 Kd2 69. Rxg3 Rxb7 70. Rg8 Rd7 71. Ra8 e2
72. Ra2+ Ke1 73. Ra8 Kd2 74. Ra2+ Ke3 75. Ra3+ Kf2 76. Ra2 Kf1 77. Rxe2 Kxe2
0-1

[Event "2023 Perth Chess Club Championship"]
[Site "Woodvale, Perth WA AUS"]
[Date "2023.05.10"]
[Round "5"]
[White "Laubbacher, Jamie"]
[Black "Kerr, Lennon"]
[Result "1-0"]
[ECO "D53"]
[WhiteElo "1904"]
[BlackElo "860"]
[PlyCount "63"]
[EventDate "2023.04.12"]
[EventType "swiss"]
[EventRounds "7"]
[EventCountry "AUS"]
[TimeControl "3600+30"]

1. d4 d5 2. c4 Nc6 3. Nf3 e6 4. Nc3 Nf6 5. Bg5 Be7 6. e3 O-O 7. Rc1 Re8 8. h3
Ne4 9. Nxe4 dxe4 10. Bxe7 Qxe7 11. Nd2 f5 12. Be2 Bd7 13. O-O Qf6 14. a3 e5 15.
d5 Ne7 16. Qb3 Qb6 17. Qa2 c5 18. b4 Kh8 19. Rb1 Rab8 20. Qb2 Ng6 21. bxc5 Qxc5
22. Qb4 Qc7 23. c5 Qd8 24. Qc3 Qf6 25. Rfc1 Ne7 26. Qb3 Qf8 27. a4 h6 28. Bb5
Bxb5 29. axb5 Red8 30. d6 Ng6 31. Qe6 Kh7 32. Ra1 1-0

[Event "2023 Perth Chess Club Championship"]
[Site "Woodvale, Perth WA AUS"]
[Date "2023.05.10"]
[Round "5"]
[White "Maris, Rob"]
[Black "Wolstencroft, Alan"]
[Result "1/2-1/2"]
[ECO "A25"]
[WhiteElo "2050"]
[BlackElo "1849"]
[PlyCount "42"]
[EventDate "2023.04.12"]
[EventType "swiss"]
[EventRounds "7"]
[EventCountry "AUS"]
[TimeControl "3600+30"]

1. c4 e5 2. Nc3 Nc6 3. g3 g6 4. Bg2 Bg7 5. Rb1 a5 6. d3 d6 7. e3 Nf6 8. Nge2
O-O 9. O-O Be6 10. Nd5 Qd7 11. Nec3 Nd8 12. Nxf6+ Bxf6 13. b4 axb4 14. Rxb4 c6
15. Ra4 Rxa4 16. Qxa4 Bh3 17. Ba3 Bxg2 18. Kxg2 Be7 19. f4 f5 20. Qb3 Kg7 21.
Bb2 Bf6 1/2-1/2

[Event "2023 Perth Chess Club Championship"]
[Site "Woodvale, Perth WA AUS"]
[Date "2023.05.10"]
[Round "5"]
[White "Janceski, Alex"]
[Black "Barry, David"]
[Result "1/2-1/2"]
[ECO "B90"]
[WhiteElo "1851"]
[BlackElo "1897"]
[PlyCount "62"]
[EventDate "2023.04.12"]
[EventType "swiss"]
[EventRounds "7"]
[EventCountry "AUS"]
[TimeControl "3600+30"]

1. e4 c5 2. Nf3 d6 3. d4 cxd4 4. Nxd4 Nf6 5. Nc3 a6 6. Bd3 e5 7. Nf3 Be7 8. Be3
O-O 9. a4 Ng4 10. Nd5 Nxe3 11. Nxe3 Qc7 12. Qd2 Be6 13. O-O Nd7 14. b4 Nf6 15.
h3 Rfd8 16. c4 h6 17. Rfc1 a5 18. Nd5 Bxd5 19. cxd5 Qb6 20. bxa5 Qxa5 21. Qe2
Rdc8 22. Bb5 Rc7 23. Rc4 Rac8 24. Rac1 Rxc4 25. Rxc4 Rxc4 26. Qxc4 Bd8 27. Kf1
Qc7 28. Qxc7 Bxc7 29. Bd3 Kf8 30. Ke2 Ke7 31. Nd2 Nd7 1/2-1/2

[Event "2023 Perth Chess Club Championship"]
[Site "Woodvale, Perth WA AUS"]
[Date "2023.05.10"]
[Round "5"]
[White "Saxon, Marc"]
[Black "Curthoys, Edward"]
[Result "1-0"]
[ECO "B12"]
[WhiteElo "2014"]
[BlackElo "1826"]
[PlyCount "59"]
[EventDate "2023.04.12"]
[EventType "swiss"]
[EventRounds "7"]
[EventCountry "AUS"]
[TimeControl "3600+30"]

1. e4 c6 2. d4 d5 3. e5 c5 4. c3 Nc6 5. Nf3 cxd4 6. cxd4 Bg4 7. Qb3 Bxf3 8.
Qxb7 Qc8 9. Ba6 Bg4 10. Qb5 Qd7 11. Nc3 Nxd4 12. Qc5 Nc6 13. h3 e6 14. Qb5 Rb8
15. Qa4 Rb4 16. Qc2 Bf5 17. Qd1 Bc5 18. a3 Rb6 19. Na4 Nd4 20. Nxc5 Nc2+ 21.
Qxc2 Bxc2 22. Nxd7 Kxd7 23. Be2 Ne7 24. b4 Nf5 25. g4 Ne7 26. Be3 Rb7 27. Rc1
Bg6 28. Ba6 Rbb8 29. Bxa7 Ra8 30. Bb5+ 1-0

[Event "2023 Perth Chess Club Championship"]
[Site "Woodvale, Perth WA AUS"]
[Date "2023.05.10"]
[Round "5"]
[White "Garang, Kuol Awan"]
[Black "Gibson, Jacob"]
[Result "1-0"]
[ECO "C00"]
[WhiteElo "1619"]
[BlackElo "1964"]
[PlyCount "74"]
[EventDate "2023.04.12"]
[EventType "swiss"]
[EventRounds "7"]
[EventCountry "AUS"]
[TimeControl "3600+30"]

1. e4 c5 2. f4 e6 3. Nf3 d5 4. e5 Nc6 5. c3 d4 6. d3 Nge7 7. Be2 h5 8. Na3 Nf5
9. Bd2 a6 10. Ng5 g6 11. Ne4 Be7 12. Rb1 O-O 13. Nc2 Rb8 14. a3 a5 15. a4 b6
16. O-O Ba6 17. c4 Bb7 18. Rf3 f6 19. exf6 Bxf6 20. Rh3 Qe8 21. Na3 e5 22. Ng3
Ng7 23. Nb5 Be7 24. f5 h4 25. f6 hxg3 26. fxg7 gxh2+ 27. Kxh2 Kxg7 28. Bh6+ Kg8
29. Bxf8 Qxf8 30. Bf3 Qf6 31. Bd5+ Kg7 32. Rf3 Qh4+ 33. Kg1 Nd8 34. Qe2 Qh5 35.
Qe4 Bc8 36. Rbf1 Bg5 37. Qxe5+ Kh6 1-0

[Event "2023 Perth Chess Club Championship"]
[Site "Woodvale, Perth WA AUS"]
[Date "2023.05.10"]
[Round "5"]
[White "Brooke, John"]
[Black "Browning, Thomas"]
[Result "1-0"]
[ECO "B30"]
[WhiteElo "1301"]
[BlackElo "1601"]
[PlyCount "75"]
[EventDate "2023.04.12"]
[EventType "swiss"]
[EventRounds "7"]
[EventCountry "AUS"]
[TimeControl "3600+30"]

1. e4 c5 2. Nf3 Nc6 3. a3 g6 4. Bc4 Bg7 5. O-O d6 6. d3 Bg4 7. Nbd2 Nf6 8. c3
e6 9. Qb3 Qc7 10. Qa4 Rc8 11. Ba2 Ra8 12. e5 Nd7 13. Qxg4 O-O 14. Bc4 d5 15.
Ba2 Ncxe5 16. Nxe5 Nxe5 17. Qe2 f5 18. Nf3 Rad8 19. Re1 Ng4 20. Qxe6+ Kh8 21.
Bg5 Rde8 22. Qxd5 h6 23. Bd2 Rd8 24. Qc4 Qc6 25. Re6 Qd7 26. Rxg6 Kh7 27. Re6
b5 28. Qf4 c4 29. Rae1 Qxd3 30. Bb1 Qd5 31. h3 Nf6 32. Bxf5+ Kh8 33. R1e5 Qb7
34. Qh4 Qc7 35. Nd4 a6 36. Bxh6 Bxh6 37. Qxh6+ Kg8 38. Re7 1-0

[Event "2023 Perth Chess Club Championship"]
[Site "Woodvale, Perth WA AUS"]
[Date "2023.05.10"]
[Round "5"]
[White "Leech, Martin"]
[Black "Curtis, Calan"]
[Result "1-0"]
[ECO "C07"]
[WhiteElo "1424"]
[BlackElo "919"]
[PlyCount "73"]
[EventDate "2023.04.12"]
[EventType "swiss"]
[EventRounds "7"]
[EventCountry "AUS"]
[TimeControl "3600+30"]

1. e4 e6 2. d4 d5 3. Nd2 c5 4. c3 cxd4 5. cxd4 Nc6 6. Ngf3 Qb6 7. exd5 exd5 8.
Nb3 a5 9. Be3 Bg4 10. Be2 Bb4+ 11. Nbd2 Bxf3 12. Bxf3 Nxd4 13. a3 Nxf3+ 14.
Qxf3 Bxd2+ 15. Bxd2 Qxb2 16. Bc3 Qc2 17. Bxg7 d4 18. Bxd4 f6 19. O-O Qc6 20.
Rfe1+ Kf8 21. Qf4 Re8 22. Rxe8+ Kxe8 23. Re1+ Kf7 24. Rc1 Qe6 25. Qc7+ Qe7 26.
Qc4+ Qe6 27. Qxe6+ Kxe6 28. Rc8 b5 29. g4 Kf7 30. g5 b4 31. axb4 axb4 32. Bxf6
Nxf6 33. Rxh8 Nd7 34. Rxh7+ Ke6 35. Rh4 b3 36. Rb4 Nc5 37. h4 1-0

[Event "2023 Perth Chess Club Championship"]
[Site "Woodvale, Perth WA AUS"]
[Date "2023.05.10"]
[Round "5"]
[White "Ross, Leo"]
[Black "Hounsome, David"]
[Result "1-0"]
[ECO "C10"]
[WhiteElo "1233"]
[BlackElo "1393"]
[PlyCount "83"]
[EventDate "2023.04.12"]
[EventType "swiss"]
[EventRounds "7"]
[EventCountry "AUS"]
[TimeControl "3600+30"]

1. e4 e6 2. d4 d5 3. Nc3 dxe4 4. Nxe4 Nd7 5. Nf3 Ngf6 6. Bg5 Be7 7. Bxf6 Nxf6
8. Nxf6+ Bxf6 9. c3 O-O 10. Bd3 b6 11. Qc2 g6 12. h4 Bb7 13. h5 Bxf3 14. gxf3
Qd5 15. O-O-O Bg5+ 16. Kb1 f5 17. hxg6 hxg6 18. Rdg1 Qd8 19. f4 Bf6 20. Rxg6+
Bg7 21. Bc4 Rf6 22. Bxe6+ Kf8 23. Bxf5 Rxg6 24. Bxg6 Qf6 25. f5 Rd8 26. Qb3 Rd7
27. Re1 Re7 28. Qa3 Qd6 29. Rxe7 Qxe7 30. Qxe7+ Kxe7 31. Kc2 Kd6 32. Kd3 b5 33.
Ke4 c5 34. f4 a5 35. d5 c4 36. a3 Kc5 37. f6 Bxf6 38. Kf5 Bh8 39. Ke6 b4 40. d6
bxa3 41. bxa3 Bxc3 42. d7 1-0

[Event "2023 Perth Chess Club Championship"]
[Site "Woodvale, Perth WA AUS"]
[Date "2023.05.10"]
[Round "5"]
[White "Wu, Kobe"]
[Black "Gough, Dylan"]
[Result "1/2-1/2"]
[ECO "B30"]
[WhiteElo "1206"]
[BlackElo "1745"]
[PlyCount "118"]
[EventDate "2023.04.12"]
[EventType "swiss"]
[EventRounds "7"]
[EventCountry "AUS"]
[TimeControl "3600+30"]

1. e4 c5 2. Nf3 Nc6 3. Bb5 e6 4. Nc3 g6 5. d4 cxd4 6. Nxd4 Bg7 7. Nf3 Nge7 8.
O-O O-O 9. Be3 Qa5 10. Bxc6 bxc6 11. Qd2 Rb8 12. Bh6 f6 13. Bxg7 Kxg7 14. b3
Qc7 15. Rad1 Rd8 16. Qd6 Qxd6 17. Rxd6 Kf7 18. e5 Nd5 19. Nxd5 cxd5 20. c4 Bb7
21. c5 Bc6 22. Re1 Rb5 23. Rc1 Rb4 24. Rd1 Re4 25. Nd4 Rxd4 26. Rxd4 fxe5 27.
Rd1 Rb8 28. f3 Rb4 29. Re1 Kf6 30. Kf2 a5 31. Kg3 a4 32. Rb1 a3 33. Rf1 Rd4 34.
Rf2 Rd3 35. Re2 Rc3 36. b4 d4 37. Kf2 Rc4 38. Rd2 Rxb4 39. f4 Rb2 40. fxe5+
Kxe5 41. R6xd4 Bd5 42. Rxb2 axb2 43. Rb4 Bxa2 44. Rxb2 Bd5 45. Ke3 Bc6 46. g3
g5 47. h4 g4 48. h5 Kf5 49. Rb4 Kg5 50. h6 e5 51. Rc4 Bf3 52. Rc2 Kxh6 53. Rh2+
Kg6 54. Rh4 h5 55. Kd3 Bd5 56. Ke3 Kg5 57. Kd3 Bf7 58. Ke4 Kf6 59. Rh2 Ke6
1/2-1/2

[Event "2023 Perth Chess Club Championship"]
[Site "Woodvale, Perth WA AUS"]
[Date "2023.05.10"]
[Round "5"]
[White "Powell, Darren"]
[Black "Rennie, Mike"]
[Result "1-0"]
[ECO "C47"]
[WhiteElo "1355"]
[BlackElo "869"]
[PlyCount "77"]
[EventDate "2023.04.12"]
[EventType "swiss"]
[EventRounds "7"]
[EventCountry "AUS"]
[TimeControl "3600+30"]

1. e4 e5 2. Nf3 d6 3. d3 Nc6 4. Nc3 Nf6 5. Bg5 Be7 6. h3 Nd4 7. Nd5 c6 8. Nxf6+
Bxf6 9. Bxf6 gxf6 10. Qd2 Qb6 11. O-O-O Be6 12. b3 O-O-O 13. Nxd4 Qxd4 14. Kb1
Qb6 15. f3 d5 16. Qh6 d4 17. Qxf6 Rhf8 18. Qxe5 Qb4 19. f4 a5 20. f5 Bd7 21.
Rc1 a4 22. c3 dxc3 23. Rxc3 axb3 24. Rxb3 Qd2 25. Qd4 Qd1+ 26. Kb2 b5 27. Qc5
Qd2+ 28. Ka1 Qh6 29. Rxb5 Qf6+ 30. d4 Kc7 31. Qa7+ Kd6 32. e5+ Qxe5 33. dxe5+
Ke7 34. f6+ Ke6 35. Bc4+ Kf5 36. Qf2+ Kg6 37. Bd3+ Kh6 38. Qf4+ Kh5 39. e6+ 1-0

[Event "2023 Perth Chess Club Championship"]
[Site "Woodvale, Perth WA AUS"]
[Date "2023.05.10"]
[Round "5"]
[White "Markou, Victor"]
[Black "Kerr, Carter"]
[Result "0-1"]
[ECO "C44"]
[WhiteElo "1070"]
[BlackElo "1257"]
[PlyCount "36"]
[EventDate "2023.04.12"]
[EventType "swiss"]
[EventRounds "7"]
[EventCountry "AUS"]
[TimeControl "3600+30"]

1. e4 e5 2. Nf3 Nf6 3. d3 Nc6 4. g3 Bc5 5. Bg2 d6 6. O-O Bg4 7. Nbd2 h5 8. Re1
h4 9. Nf1 hxg3 10. Be3 gxh2+ 11. N1xh2 Nd4 12. c3 Nxf3+ 13. Nxf3 Qd7 14. Qb3
Bh3 15. Ng5 Bxg2 16. Qxb7 Qg4 17. Qxa8+ Ke7 18. Qc6 Rh1# 0-1

[Event "2023 Perth Chess Club Championship"]
[Site "Woodvale, Perth WA AUS"]
[Date "2023.05.10"]
[Round "5"]
[White "Gough, Sebastian"]
[Black "Young, Manfred"]
[Result "1-0"]
[ECO "A08"]
[WhiteElo "1052"]
[BlackElo "1171"]
[PlyCount "67"]
[EventDate "2023.04.12"]
[EventType "swiss"]
[EventRounds "7"]
[EventCountry "AUS"]
[TimeControl "3600+30"]

1. Nf3 c5 2. g3 Nc6 3. Bg2 d5 4. O-O e5 5. d3 Nf6 6. Bg5 h6 7. Bxf6 Qxf6 8.
Nbd2 Bd6 9. e4 d4 10. Nc4 Bc7 11. a3 b5 12. Ncd2 O-O 13. c4 b4 14. Qa4 Rb8 15.
Nb3 Bd6 16. Qxc6 Rb6 17. Qa4 Ra6 18. Qb5 Qe7 19. Na5 Bb7 20. Nxb7 Rb6 21. Qa5
Rxb7 22. axb4 Rxb4 23. Qxa7 Qxa7 24. Rxa7 Rxb2 25. Ra6 Bc7 26. Rc6 Bb6 27. Nxe5
Rd8 28. Nf3 Ra8 29. Rd1 Raa2 30. Ne1 Ba5 31. e5 Bxe1 32. Be4 Bxf2+ 33. Kf1 Be3
34. Rc8# 1-0

[Event "2023 Perth Chess Club Championship"]
[Site "Woodvale, Perth WA AUS"]
[Date "2023.05.17"]
[Round "6"]
[White "Hernandez Mendez, Iker"]
[Black "Laubbacher, Jamie"]
[Result "1/2-1/2"]
[ECO "C68"]
[WhiteElo "1842"]
[BlackElo "1904"]
[PlyCount "55"]
[EventDate "2023.04.12"]
[EventType "swiss"]
[EventRounds "7"]
[EventCountry "AUS"]
[TimeControl "3600+30"]

1. e4 e5 2. Nf3 Nc6 3. Bb5 a6 4. Bxc6 dxc6 5. O-O Qf6 6. d4 exd4 7. Bg5 Qd6 8.
Nxd4 Be7 9. Be3 Nf6 10. f3 Qe5 11. Nd2 Nd5 12. Bf2 Nf4 13. Nc4 Qg5 14. Bg3 h5
15. Qd2 Ne6 16. Qxg5 Bxg5 17. Ne2 h4 18. Be5 Bd7 19. f4 Be7 20. f5 Bc5+ 21. Kh1
Ng5 22. Rf4 b5 23. Na5 f6 24. Bxc7 Ra7 25. Bb8 Ra8 26. Bc7 Ra7 27. Bb8 Ra8 28.
Bc7 1/2-1/2

[Event "2023 Perth Chess Club Championship"]
[Site "Woodvale, Perth WA AUS"]
[Date "2023.05.17"]
[Round "6"]
[White "Plaganyi, Gyula"]
[Black "Saxon, Marc"]
[Result "1/2-1/2"]
[ECO "D70"]
[WhiteElo "1935"]
[WhiteTitle "CM"]
[BlackElo "2014"]
[PlyCount "140"]
[EventDate "2023.04.12"]
[EventType "swiss"]
[EventRounds "7"]
[EventCountry "AUS"]
[TimeControl "3600+30"]

1. d4 Nf6 2. c4 g6 3. f3 d5 4. cxd5 Nxd5 5. e4 Nb6 6. Nc3 Bg7 7. Be3 e5 8. d5
O-O 9. Qd2 c6 10. O-O-O cxd5 11. exd5 N8d7 12. h4 Nf6 13. Kb1 Bd7 14. Bd3 Nbxd5
15. Nxd5 Nxd5 16. Bg5 Qb6 17. Bc4 Nf6 18. h5 Rad8 19. Qe2 Bf5+ 20. Ka1 Rxd1+
21. Qxd1 Rd8 22. Qe2 h6 23. Bc1 Nxh5 24. Qe1 Bc2 25. Ne2 e4 26. Nc3 Qb4 27. Bb3
Bxb3 28. axb3 Rd3 29. Qxe4 Qxe4 30. fxe4 Ng3 31. Rh3 Be5 32. Bxh6 Rd4 33. Be3
Rb4 34. Bc5 Rxb3 35. Ka2 Rxc3 36. bxc3 Nxe4 37. Bd4 Bg7 38. Re3 Nd6 39. Bxa7
Nb5 40. Re8+ Kh7 41. Bd4 Nxd4 42. cxd4 Bxd4 43. Re7 b6 44. Rxf7+ Kh6 45. Kb3
Kh5 46. Kc4 Bc5 47. Kd3 g5 48. Ke2 Kg6 49. Rd7 Kf5 50. Rf7+ Ke6 51. Rg7 Kf6 52.
Rg8 Bd6 53. Kf3 Bc5 54. Ke4 Bd6 55. g4 Bc5 56. Rc8 Kf7 57. Rc6 Kg7 58. Kf5 Be3
59. Re6 Bf4 60. Rxb6 Kf7 61. Rb7+ Ke8 62. Kf6 Kf8 63. Rh7 Kg8 64. Kg6 Kf8 65.
Rf7+ Ke8 66. Rf5 Ke7 {(1)} 67. Kh7 Ke6 68. Kg6 Ke7 {(2)} 69. Kh6 Ke6 70. Kg6
Ke7 {(3)} 1/2-1/2

[Event "2023 Perth Chess Club Championship"]
[Site "Woodvale, Perth WA AUS"]
[Date "2023.05.17"]
[Round "6"]
[White "O'Shaughnessy, Dave"]
[Black "Janceski, Alex"]
[Result "1/2-1/2"]
[ECO "A03"]
[WhiteElo "1986"]
[BlackElo "1851"]
[PlyCount "88"]
[EventDate "2023.04.12"]
[EventType "swiss"]
[EventRounds "7"]
[EventCountry "AUS"]
[TimeControl "3600+30"]

1. f4 d5 2. Nf3 Nf6 3. e3 Bg4 4. Be2 e6 5. b3 g6 6. Bb2 Bg7 7. Ne5 Bxe2 8. Qxe2
O-O 9. O-O Nbd7 10. d3 c6 11. Nd2 Nxe5 12. Bxe5 Nd7 13. Bxg7 Kxg7 14. Nf3 Qc7
15. g3 Rae8 16. e4 c5 17. e5 h6 18. c4 d4 19. Nd2 f5 20. exf6+ Nxf6 21. Rae1 h5
22. Qe5 Qxe5 23. Rxe5 b6 24. h3 Rf7 25. Nf3 Rfe7 26. Rfe1 Nd7 27. R5e2 Kf6 28.
Ne5 Nxe5 29. Rxe5 Ra8 30. Kf2 a5 31. a4 Rh8 32. Kf3 Rhh7 33. Kg2 Rh8 34. g4
hxg4 35. hxg4 Rhh7 36. Kg3 Rh8 37. f5 gxf5 38. gxf5 Rhe8 39. Rxe6+ Rxe6 40.
Rxe6+ Rxe6 41. fxe6 Kxe6 42. Kg4 Ke5 43. Kg5 Ke6 44. Kg6 Ke5 1/2-1/2

[Event "2023 Perth Chess Club Championship"]
[Site "Woodvale, Perth WA AUS"]
[Date "2023.05.17"]
[Round "6"]
[White "Barry, David"]
[Black "Garang, Kuol Awan"]
[Result "1-0"]
[ECO "C64"]
[WhiteElo "1897"]
[BlackElo "1619"]
[PlyCount "107"]
[EventDate "2023.04.12"]
[EventType "swiss"]
[EventRounds "7"]
[EventCountry "AUS"]
[TimeControl "3600+30"]

1. e4 e5 2. Nf3 Nc6 3. Bb5 Bc5 4. c3 Nge7 5. O-O O-O 6. Re1 d6 7. h3 h6 8. d4
Bb6 9. Be3 exd4 10. cxd4 d5 11. Nc3 dxe4 12. Nxe4 Qd5 13. Bd3 Nf5 14. Nc3 Qd8
15. Bxf5 Bxf5 16. d5 Nb4 17. Bxb6 axb6 18. Re5 Qf6 19. Ne4 Bxe4 20. Rxe4 Qxb2
21. Rb1 Qc2 22. Rexb4 Rxa2 23. Qxc2 Rxc2 24. d6 cxd6 25. Rxb6 Ra8 26. R6b2 Ra1
27. Nd4 Rxb2 28. Rxa1 g6 29. Ra8+ Kg7 30. Rd8 Kf6 31. Rxd6+ Ke7 32. Rd5 Rb4 33.
Nc2 Rb2 34. Ne3 b5 35. Rc5 f5 36. Rc2 Rb1+ 37. Kh2 f4 38. Nd5+ Ke6 39. Nxf4+
Kf5 40. Nd5 b4 41. Rc5 Ke4 42. Rb5 Rf1 43. f3+ Kd4 44. Nxb4 Kc4 45. Rb8 Rb1 46.
Kg3 Rxb4 47. Rxb4+ Kxb4 48. Kg4 Kc5 49. f4 Kd4 50. h4 Ke4 51. g3 Ke3 52. h5
gxh5+ 53. Kxh5 Kf3 54. f5 1-0

[Event "2023 Perth Chess Club Championship"]
[Site "Woodvale, Perth WA AUS"]
[Date "2023.05.17"]
[Round "6"]
[White "Clarke, Daniel"]
[Black "De Yaak, Peter"]
[Result "1-0"]
[ECO "B33"]
[WhiteElo "1880"]
[BlackElo "1892"]
[PlyCount "105"]
[EventDate "2023.04.12"]
[EventType "swiss"]
[EventRounds "7"]
[EventCountry "AUS"]
[TimeControl "3600+30"]

1. e4 c5 2. Nf3 Nc6 3. d4 cxd4 4. Nxd4 e5 5. Nb5 d6 6. N1c3 Nf6 7. Bg5 a6 8.
Bxf6 gxf6 9. Na3 Be6 10. Nc4 Nd4 11. Ne3 Rc8 12. Bd3 h5 13. Ncd5 Rc5 14. c3 Nc6
15. b4 Rb5 16. a4 Rb6 17. a5 Rb5 18. Bxb5 axb5 19. a6 bxa6 20. Rxa6 Nb8 21. Ra8
Bg7 22. Qe2 Bd7 23. O-O Bc6 24. Ra5 Kf8 25. Nf5 Be8 26. Nxg7 Kxg7 27. Rfa1 Bc6
28. Qf3 Rh6 29. Ne3 Bd7 30. Nf5+ Bxf5 31. exf5 Qe8 32. Ra8 Rh8 33. R1a7 e4 34.
Qg3+ Kh6 35. Qxd6 Kg5 36. Rb7 Qd8 37. h4+ Kg4 38. Qxd8 Rxd8 39. Raxb8 Rd1+ 40.
Kh2 Rd2 41. Rg8+ Kf4 42. Re8 Rxf2 43. Kg1 Rc2 44. Rbe7 Rc1+ 45. Kf2 Rc2+ 46.
Kf1 Rc1+ 47. Ke2 Rxc3 48. Rxe4+ Kxf5 49. Rd4 Rb3 50. Rd5+ Kf4 51. Rxb5 Kg3 52.
Re3+ Rxe3+ 53. Kxe3 1-0

[Event "2023 Perth Chess Club Championship"]
[Site "Woodvale, Perth WA AUS"]
[Date "2023.05.17"]
[Round "6"]
[White "Leonhardt, Wolfgang"]
[Black "Maris, Rob"]
[Result "0-1"]
[ECO "A45"]
[WhiteElo "1778"]
[BlackElo "2050"]
[PlyCount "58"]
[EventDate "2023.04.12"]
[EventType "swiss"]
[EventRounds "7"]
[EventCountry "AUS"]
[TimeControl "3600+30"]

1. d4 Nf6 2. Nc3 e6 3. e4 Bb4 4. Bd3 b6 5. a3 Bxc3+ 6. bxc3 Bb7 7. Qe2 d6 8.
Nf3 Nbd7 9. Bg5 h6 10. Bf4 a5 11. e5 Nd5 12. Bd2 dxe5 13. Nxe5 Nxe5 14. Qxe5
Qf6 15. Qg3 g5 16. Be4 O-O-O 17. O-O Ba6 18. Bd3 Bxd3 19. Qxd3 Kb7 20. Rab1 Nf4
21. Qf3+ Ka7 22. c4 Qxd4 23. Bxa5 Qc5 24. Bb4 Qxc4 25. Be7 Rd5 26. Rb4 Qxc2 27.
a4 Ne2+ 28. Kh1 Rd1 29. Rb1 Qxb1 0-1

[Event "2023 Perth Chess Club Championship"]
[Site "Woodvale, Perth WA AUS"]
[Date "2023.05.17"]
[Round "6"]
[White "Wolstencroft, Alan"]
[Black "Leech, Martin"]
[Result "1/2-1/2"]
[ECO "C02"]
[WhiteElo "1849"]
[BlackElo "1424"]
[PlyCount "76"]
[EventDate "2023.04.12"]
[EventType "swiss"]
[EventRounds "7"]
[EventCountry "AUS"]
[TimeControl "3600+30"]

1. e4 e6 2. d4 d5 3. e5 c5 4. c3 Nc6 5. Be3 Qb6 6. Qd2 cxd4 7. cxd4 Nge7 8. Nc3
Nf5 9. Nf3 Be7 10. Be2 O-O 11. O-O Bd7 12. h3 f6 13. exf6 Bxf6 14. Rad1 Rac8
15. Bd3 Nxe3 16. fxe3 a6 17. a3 Qc7 18. Bb1 Ne7 19. Nh2 Bg5 20. Nf3 Bh6 21.
Rde1 Nf5 22. Ne5 Rce8 23. Bxf5 Rxf5 24. Rxf5 exf5 25. Nxd5 Qd6 26. Qa5 Bb5 27.
Nc3 Bxe3+ 28. Kh1 Bxd4 29. Nf3 Rxe1+ 30. Nxe1 Qf4 31. Qd8+ Kf7 32. Qd5+ Kg6 33.
Qe6+ Kg5 34. Nf3+ Kh5 35. Qf7+ Kh6 36. Qe6+ g6 37. Qe1 Bc6 38. Nxd4 Qxd4
1/2-1/2

[Event "2023 Perth Chess Club Championship"]
[Site "Woodvale, Perth WA AUS"]
[Date "2023.05.17"]
[Round "6"]
[White "Roebuck, Derek"]
[Black "Brooke, John"]
[Result "1/2-1/2"]
[ECO "C50"]
[WhiteElo "1804"]
[BlackElo "1301"]
[PlyCount "107"]
[EventDate "2023.04.12"]
[EventType "swiss"]
[EventRounds "7"]
[EventCountry "AUS"]
[TimeControl "3600+30"]

1. e4 e5 2. Nf3 Nc6 3. Bc4 h6 4. O-O Nf6 5. c3 a6 6. d4 exd4 7. e5 Nh7 8. cxd4
Be7 9. d5 Na5 10. Bd3 b5 11. Bd2 Nc4 12. Bc3 Ng5 13. e6 f6 14. Nxg5 hxg5 15.
Qe2 Bb7 16. b3 Nd6 17. Bg6+ Kf8 18. Rd1 Rh6 19. Bc2 Qc8 20. Bb4 dxe6 21. dxe6
c5 22. Bc3 Qc6 23. f3 Rd8 24. Nd2 Qc7 25. g3 Qb6 26. Qe3 Nc8 27. Ne4 Qxe6 28.
Rxd8+ Bxd8 29. Qxc5+ Be7 30. Qc7 Qb6+ 31. Qxb6 Nxb6 32. Bd4 Nd5 33. Nc5 Bc8 34.
a4 Nb4 35. Rc1 f5 36. axb5 axb5 37. Bd1 Rc6 38. Nd3 Rxc1 39. Nxc1 Nc6 40. Be3
Be6 41. Kf2 Na5 42. Bb6 Nb7 43. Nd3 Bd6 44. f4 g4 45. Ke3 Ke7 46. Kd4 Kf6 47.
b4 Bc4 48. Nc5 Nxc5 49. bxc5 Bb8 50. c6 Bd6 51. c7 Be6 52. Be2 Bc8 53. Bxb5 Ke6
54. Bc6 1/2-1/2

[Event "2023 Perth Chess Club Championship"]
[Site "Woodvale, Perth WA AUS"]
[Date "2023.05.17"]
[Round "6"]
[White "Gibson, Jacob"]
[Black "Ross, Leo"]
[Result "1-0"]
[ECO "B12"]
[WhiteElo "1964"]
[BlackElo "1233"]
[PlyCount "41"]
[EventDate "2023.04.12"]
[EventType "swiss"]
[EventRounds "7"]
[EventCountry "AUS"]
[TimeControl "3600+30"]

1. e4 c6 2. d4 d5 3. f3 Qb6 4. Nc3 dxe4 5. fxe4 e5 6. Nf3 exd4 7. Nxd4 Nf6 8.
Be2 Bb4 9. Bf3 Bxc3+ 10. bxc3 O-O 11. Bg5 c5 12. Nb3 Nbd7 13. Rb1 Re8 14. O-O
Nxe4 15. Bxe4 Rxe4 16. Nd2 Qg6 17. Nxe4 Qxe4 18. Re1 Qc6 19. Re8+ Nf8 20. Rxf8+
Kxf8 21. Qd8+ 1-0